 Dungeon Crawl Stone Soup version 0.25-a0-190-g27fffb8c76 (webtiles) character file.

Game seed: 10294795643332596646, levelgen mode: deterministic

546 Gargoyl the Skirmisher (level 7, 0/88 HPs)
             Began as a Centaur Abyssal Knight on Nov 30, 2019.
             Was a Believer of Lugonu.
             Killed from afar by a steam dragon (16 damage)
             ... with a ball of steam
             ... on level 5 of the Dungeon.
             The game lasted 00:09:10 (3801 turns).

Gargoyl the Skirmisher (Centaur Abyssal Knight)     Turns: 3801, Time: 00:09:10

Health: 0/88       AC: 23    Str: 14    XL:     7   Next: 6%
Magic:  9/9        EV:  1    Int: 11    God:    Lugonu [**....]
Gold:   168        SH:  0    Dex: 11    Spells: 6/6 levels left

rFire    . . .     SeeInvis .   a - +2 hand axe
rCold    . . .     Gourm    .   (no shield)
rNeg     + + +     Faith    .   (armour currently unavailable)
rPois    +         Spirit   .   (helmet currently unavailable)
rElec    .         Reflect  .   (cloak currently unavailable)
rCorr    .         Harm     .   (gloves currently unavailable)
MR       .....     NoTele   +   (no barding)
Stlth    +.........             b - amulet of the acrobat
HPRegen  0.24/turn              (no ring)
MPRegen  0.11/turn              (no ring)

@: tree-form
A: large
a: Depart the Abyss, Bend Space, Renounce Religion


You were on level 5 of the Dungeon.
You worshipped Lugonu.
Lugonu was pleased with you.
You were not hungry.
You were a tree.
You visited 1 branch of the dungeon, and saw 5 of its levels.
You visited the Abyss 1 time.

You collected 168 gold pieces.

Inventory:

Hand Weapons
 a - a +2 hand axe (weapon)
Missiles
 f - 4 silver boomerangs (quivered)
Armour
 i - a +1 ring mail of cold resistance (melded)
 l - a +0 pair of gloves (melded)
 o - a +0 helmet (melded)
Jewellery
 b - an amulet of the acrobat (around neck)
Wands
 e - a wand of disintegration (14)
Scrolls
 j - a scroll of identify
 n - 3 scrolls of remove curse
Potions
 d - a potion of haste
 h - a potion of flight
 m - a potion of mutation {unknown}
Comestibles
 c - 9 rations
 q - 8 chunks of flesh


   Skills:
 + Level 4.2 Fighting
 + Level 4.0 Axes
 * Level 3.1 Armour
 * Level 2.0 Dodging
 * Level 3.6 Invocations


You had 6 spell levels left.
You didn't know any spells.
Your spell library was empty.

Dungeon Overview and Level Annotations

Branches:
Dungeon (5/15)
 Temple: D:4-7

Altars:
Kikubaaqudgha
Ru
Wu Jian

Annotations:
D:2 Sigmund
D:5 Edmund


Innate Abilities, Weirdness & Mutations

((You have hooves in place of feet.))
((Armour fits poorly on your strangely shaped body.))
((You cover ground very quickly.))
((You have extremely tough skin. (AC +3)))


Message History

You hit the worker ant.
The worker ant bites you but does no damage.
The steam dragon breathes steam at you. The ball of steam hits you!
* * * LOW HITPOINT WARNING * * *
The worker ant bites you but does no damage.
You hit the worker ant.
The worker ant is moderately wounded.
You barely miss the steam dragon.
You are engulfed in a cloud of scalding steam.
The steam dragon bites you but does no damage.
The steam dragon claws you but does no damage.
The worker ant is engulfed in a cloud of scalding steam.
The worker ant bites you but does no damage.
You barely miss the worker ant. You hit the steam dragon.
You feel less invigorated.
You feel less confused. The steam dragon breathes steam at you.
The ball of steam hits you!
You die...

#......#
#......#
#......#.
.........
#.#+###......#
#.?.§§#......#
#...§§.a.....#
#♣)....#
##D.#..# 5....
.......
.......
###.@.# ....
#.#


You could see Edmund, a steam dragon, a worker ant and a crimson imp.

Vanquished Creatures
  The ghost of RedPan the Chiller, an amateur DrIE (D:3)
  The ghost of kkknotok the Ducker, an amateur FeTm (D:3)
  A howler monkey (D:4)
  A hound (D:4)
  3 orc priests
  An orc wizard (D:3)
  An iguana (D:4)
  Robin (D:3)
  3 adders
  A white imp (Abyss:2)
  An ooze (D:1)
  A worm (D:2)
  A dart slug (D:1)
  A leopard gecko (D:2)
  15 orcs
  8 giant cockroaches
  16 goblins
  9 hobgoblins
  3 kobolds
  A quokka (D:4)
  2 ball pythons
  5 bats
  5 frilled lizards
  6 rats
88 creatures vanquished.

Vanquished Creatures (others)
  A lurking horror (Abyss:2)
1 creature vanquished.

Grand Total: 89 creatures vanquished

Notes
Turn   | Place    | Note
-------+----------+-------------------------------------------
     0 | Abyss:1  | Gargoyl the Centaur Abyssal Knight began the quest for the
                  | Orb.
     0 | Abyss:1  | Reached XP level 1. HP: 19/19 MP: 2/2
   147 | Abyss:2  | Noticed an anaconda skeleton
   157 | Abyss:2  | Noticed a raiju
   162 | Abyss:2  | Noticed a vampire mage
   163 | Abyss:2  | Noticed a worldbinder
   167 | D:1      | Escaped the Abyss
   171 | D:1      | Reached XP level 2. HP: 21/26 MP: 1/3
   394 | D:1      | Reached * piety under Lugonu
   667 | D:1      | Reached XP level 3. HP: 31/31 MP: 4/4
   952 | D:2      | Found a sacrificial altar of Ru.
  1118 | D:2      | Found an ornate altar of the Wu Jian Council.
  1120 | D:2      | Found an ancient bone altar of Kikubaaqudgha.
  1313 | D:2      | Reached skill level 1 in Dodging
  1598 | D:2      | Noticed Sigmund
  1918 | D:3      | Reached XP level 4. HP: 40/40 MP: 5/5
  1943 | D:3      | Reached ** piety under Lugonu
  2524 | D:3      | Noticed Robin
  2539 | D:3      | Killed Robin
  2539 | D:3      | Reached XP level 5. HP: 14/46 MP: 7/7
  2830 | D:3      | Found a runed translucent gate.
  2831 | D:3      | Found a runed translucent gate.
  2832 | D:3      | Found a runed translucent gate.
  3174 | D:3      | Noticed kkknotok's ghost (amateur FeTm)
  3175 | D:3      | Noticed RedPan's ghost (amateur DrIE)
  3330 | D:3      | Killed RedPan's ghost
  3330 | D:3      | Reached XP level 6. HP: 44/52 MP: 8/8
  3347 | D:3      | Killed kkknotok's ghost
  3728 | D:4      | Reached XP level 7. HP: 24/59 MP: 9/9
  3788 | D:5      | Entered Level 5 of the Dungeon
  3788 | D:5      | Noticed a steam dragon
  3795 | D:5      | HP: 4/88 [steam dragon (5)]
  3798 | D:5      | Noticed Edmund
  3801 | D:5      | Killed from afar by a steam dragon

Levels and vault maps discovered:
D:1:      dpeg_arrival_line_fractal, layout_rooms, serial_corexii_hall,
          corexii_hall_statues_deadend, chequers_hall_statues_corner_a,
          chequers_hall_statues_y, chequers_hall_statues_wall_a,
          chequers_hall_statues_y, chequers_hall_statues_y
D:2:      layout_loops_ring, lemuel_zombie_altar_yredelemnul,
          grunt_temple_overflow_open, first_ration, minmay_cut_off,
          uniq_sigmund, uniq_crazy_yiuf_cottage
D:3:      layout_basic, gammafunk_ghost_cemetery, uniq_robin
D:4:      minmay_general_purpose_star, layout_basic,
          nicolae_overflow_crystal_walls, makhleb_blood_cavern_becter,
          temple_green, uniq_ijyb, uniq_eustachio
D:5:      layout_basic, lemuel_doored_altar, lightli_corner_chamber,
          uniq_prince_ribbit1, uniq_menkaure, uniq_edmund

Skill      XL: |  1  2  3  4  5  6  7 |
---------------+----------------------+-----
Axes           | 2 3 4 |  4.0
Dodging        | 1 2 |  2.0
Armour         | 2 3 |  3.1
Fighting       | 4 |  4.2
Invocations    | 3 |  3.6

Action                   |  1- 3 |  4- 6 |  7- 9 || total
-------------------------+-------+-------+-------++-------
Melee: Hand axe          |    98 |   168 |    11 ||   277
       Kick              |     9 |    19 |     3 ||    31
Invok: Depart the Abyss  |     1 |       |       ||     1
Evoke: Wand              |     1 |       |       ||     1
  Use: Potion            |     2 |     4 |     3 ||     9
       Scroll            |     6 |     3 |       ||     9
  Eat: Chunk             |     1 |     1 |       ||     2
       Ration            |       |     2 |       ||     2
Armor: Ring mail         |    48 |    74 |     5 ||   127
       Skin              |       |    55 |    11 ||    66
Dodge: Dodged            |    35 |    73 |     6 ||   114

Table legend:
 A = Non-vault XP
 B = Vault XP
 C = Vault XP percentage of total XP
 D = Non-vault monster count
 E = Vault monster count
 F = Vault count percentage of total count
                 A         B        C        D         E       F
            +---------+---------+-------+---------+---------+-------
      Total |     437 |     343 |  44.0 |      71 |      17 |  19.3
            +---------+---------+-------+---------+---------+-------
        D:1 |      39 |       0 |   0.0 |      20 |       0 |   0.0
        D:2 |      48 |       3 |   5.9 |      17 |       2 |  10.5
        D:3 |     130 |     297 |  69.6 |      20 |      14 |  41.2
        D:4 |     166 |      43 |  20.6 |      12 |       1 |   7.7
        D:5 |      43 |       0 |   0.0 |       1 |       0 |   0.0
    Abyss:2 |      11 |       0 |   0.0 |       1 |       0 |   0.0
            +---------+---------+-------+---------+---------+-------
